 Dungeon Crawl Stone Soup version 0.27.1-34-g3ba077fa99 (webtiles) character file.

Game seed: 2403296659543918934

39 zeram the Conjurer (level 3, -2/19 HPs)
             Began as a Deep Elf Conjurer on Jan 12, 2022.
             Slain by an ogre (21 damage)
             ... on level 2 of the Dungeon.
             The game lasted 00:02:42 (2031 turns).

zeram the Conjurer (Deep Elf Conjurer)              Turns: 2031, Time: 00:02:43

Health: -2/19      AC:  2    Str:  4    XL:     3   Next: 28%
Magic:  10/10      EV: 12    Int: 23    God:
Gold:   55         SH:  0    Dex: 13    Spells: 6/9 levels left

rFire    . . .     SeeInvis .   e - +0 spear
rCold    . . .     Faith    .   (no shield)
rNeg     . . .     Spirit   .   a - +0 robe
rPois    .         Reflect  .   (no helmet)
rElec    .         Harm     .   (no cloak)
rCorr    .         Rampage  .   (no gloves)
Will     .....                  (no boots)
Stlth    ++........             g - amulet of regeneration
HPRegen  1.06/turn              (no ring)
MPRegen  0.12/turn              (no ring)

@: no status effects
A: no striking features
a: no special abilities


You were on level 2 of the Dungeon.
You visited 1 branch of the dungeon, and saw 2 of its levels.

You collected 55 gold pieces.

Inventory:

Hand Weapons
 e - a +0 spear (weapon)
Armour
 a - a +0 robe (worn)
Jewellery
 g - an amulet of regeneration (around neck)
Scrolls
 b - 2 scrolls of enchant armour {unknown}
 c - a scroll of vulnerability
 d - a scroll of fear {unknown}
Potions
 f - a potion of curing


   Skills:
 + Level 2.7 Dodging
 - Level 2.4 Stealth
 + Level 3.5 Spellcasting
 + Level 5.3 Conjurations


You had 6 spell levels left.
You knew the following spells:

 Your Spells              Type           Power      Damage    Failure   Level
a - Magic Dart            Conj           100%       1d8       1%          1
b - Searing Ray           Conj           56%        3d5       1%          2

Your spell library contained the following spells:

 Spells                   Type           Power      Damage    Failure   Level
 Beastly Appendage        Tmut           8%         N/A       11%         1
 Dazzling Flash           Conj/Hex       32%        N/A       11%         3
 Wereblood                Tmut           4%         N/A       17%         2
 Spider Form              Tmut/Pois      2%         N/A       32%         3
 Fulminant Prism          Conj/Hex       8%         3d7       36%         4
 Iskenderun's Mystic Bla  Conj/Tloc      16%        2d5       36%         4


Dungeon Overview and Level Annotations

Branches:
Dungeon (2/15)

Altars:


Message History

No target in view!
No target in view!
No target in view!
No target in view!
No target in view!
No target in view!
No target in view!
No target in view!
No target in view!
No target in view!
No target in view!
No target in view!
No target in view!
No target in view!
No target in view!
No target in view!
No target in view!
No target in view!
No target in view!
No target in view!
No target in view!
No target in view!
No target in view!
No target in view!
Found 6 gold pieces.
g - an amulet of regeneration You now have 55 gold pieces (gained 6).
You start putting on your amulet.
You continue putting on your amulet of regeneration. x5
You finish putting on your amulet of regeneration.
The amulet cannot attune itself to your injured body.
g - an amulet of regeneration (around neck)
Your amulet attunes itself to your body as you begin to regenerate more quickly.
Found 16 gold pieces.
Found a glowing trident.
An ogre comes into view. It is wielding a +0 giant club.
The ogre shouts!
The ogre hits you with a +0 giant club!!
Ouch! That really hurt!
You die...

# .# #.# ... . #.#
#.# . ..# ##.##
##. #.#.##...##
#.. ##O#
#..#.#.####.# #@##
##...........
##.###..#.#.####..
##.#.##..........
#..####.######..
#.## ### ###.# #.#
##....
#.#########.###.
#...........# #.
###########.###.


You could see an ogre.

Vanquished Creatures
  4 dart slugs (D:1)
  3 endoplasms
  2 giant cockroaches (D:1)
  4 goblins
  2 hobgoblins (D:1)
  2 jackals (D:1)
  A kobold (D:1)
  4 ball pythons
  3 bats
  3 rats
  A spectral goblin (D:1)
29 creatures vanquished.

Notes
Turn   | Place    | Note
-------+----------+-------------------------------------------
     0 | D:1      | zeram the Deep Elf Conjurer began the quest for the Orb.
     0 | D:1      | Reached XP level 1. HP: 10/10 MP: 6/6
   126 | D:1      | Reached XP level 2. HP: 11/15 MP: 2/8
   180 | D:1      | Learned a level 2 spell: Searing Ray
   313 | D:1      | Reached skill level 5 in Conjurations
   598 | D:1      | Found a faded altar of an unknown god.
  1499 | D:2      | Reached XP level 3. HP: 19/19 MP: 6/9
  2031 | D:2      | Noticed an ogre
  2031 | D:2      | Slain by an ogre

Illustrated notes

Levels and vault maps discovered:
D:1:      wheals_arrival_shading, layout_basic,
          dreamdust_ecumenical_altar_drowned_temple
D:2:      layout_loops_ring, basic_altar, lemuel_flame_loot_1

Skill      XL: |  1  2 |
---------------+-------+-----
Conjurations   | 5 |  5.3
Dodging        | |  2.7
Stealth        | |  2.4
Spellcasting   | |  3.5

Action                   || total
-------------------------++-------
Melee: Spear             ||    29
       Unarmed           ||     5
 Cast: Magic Dart        ||    19
       Searing Ray       ||    14
  Use: Scroll            ||     4
 Stab: Sleeping          ||     3
Armor: Robe              ||     9
Dodge: Dodged            ||    22
